 Dungeon Crawl Stone Soup version 0.31-a0-1002-g8e65716e6e (webtiles) character file.

Game seed: 4958437716067334331

49 Azuregosa the Covert (level 3, 0/26 HPs)
             Began as an Octopode Delver on Nov 10, 2023.
             Was an Initiate of Sif Muna.
             Succumbed to an adder's poison
             ... in a sewer.
             The game lasted 00:03:54 (635 turns).

Azuregosa the Covert (Octopode Delver)               Turns: 635, Time: 00:03:55

Health: 0/26       AC:  2    Str: 11    XL:     3   Next: 77%
Magic:  3/3        EV: 10    Int: 14    God:    Sif Muna [......]
Gold:   58         SH:  0    Dex: 13    Spells: 2/2 levels left

rFire   . . .        i - +2 spear (pain)
rCold   . . .        (no shield)
rNeg    . . .        h - +1 hat
rPois   .            (no amulet)
rElec   .            c - ring of willpower
rCorr   .            (no ring)
SInv    .            (no ring)
Will    +....        (no ring)
Stlth   ++++++       (no ring)
HPRegen 0.24/turn    (no ring)
MPRegen 0.08/turn    (no ring)
                     (no ring)

%: no passive effects
@: lethally poisoned (0 -> -1), hasted, constricted, very quick
A: almost no armour, amphibious, 8 rings, camouflage 1, gelatinous body 1,
nimble swimmer 1, tentacles
a: Renounce Religion


You were in a sewer.
You worshipped Sif Muna.
Sif Muna was noncommittal.
You visited 1 branch of the dungeon, and saw 3 of its levels.
You also visited: Sewer.

You collected 58 gold pieces.

Inventory:

Hand Weapons
 a - a +0 short sword
 i - a +2 spear of pain (weapon)
Missiles
 g - 8 stones
Armour
 h - a +1 hat (worn)
Jewellery
 c - a ring of willpower (left tentacle)
Wands
 f - a wand of digging (3)
Scrolls
 b - a scroll of fog
 d - a scroll of fear
 j - a scroll of teleportation {unknown}
Potions
 e - a potion of haste


   Skills:
 + Level 3.3 Fighting
 - Level 2.0 Short Blades
 - Level 2.0 Dodging
 - Level 8.1 Stealth


You had 2 spell levels left.
You didn't know any spells.
Your spell library was empty.

Dungeon Overview and Level Annotations

Branches:
Dungeon (5/15)              Sewer (1/1)
 Temple: D:4-7

Altars:
Sif Muna
Zin

Shops:
D:3 *   D:5 *

Annotations:
D:3 3 runed translucent doors, Nitrous's ghost, amateur DEFE


Innate Abilities, Weirdness & Mutations

You cannot wear most types of armour.
You are amphibious.
You can wear up to eight rings at the same time.
Your skin changes colour to match your surroundings (Stealth+).
Your rubbery body absorbs attacks. (AC +1, EV +1)
You are camouflaged when in or above water. (Stealth+)
You have tentacles for arms and can constrict up to eight enemies at once.


Message History

The ball python barely misses you. The ball python constricts you.
The adder bites you. The ball python barely misses you.
You hit the adder. Your grab misses the adder. Your squeeze misses the adder.
The adder is almost dead.
You feel sick. The adder bites you. The ball python barely misses you.
The ball python constricts you. The ball python closely misses you.
You miss the adder. You grab the adder. You squeeze the adder.
The adder is almost dead.
You constrict the adder.
You kill the adder!
Sif Muna accepts your kill.
You feel sick. The frilled lizard closely misses you.
The ball python bites you but does no damage.
The ball python constricts you. The ball python bites you.
The frilled lizard barely misses you.
You hit the frilled lizard. Your grab misses the frilled lizard.
Your squeeze misses the frilled lizard.
The frilled lizard is heavily wounded.
You feel sick. The ball python closely misses you.
The ball python constricts you. The ball python barely misses you.
The ball python bites you. The ball python constricts you.
The frilled lizard bites you. The ball python bites you.
* * * LOW HITPOINT WARNING * * *
You hit the ball python. You grab the ball python.
The ball python is heavily wounded.
You constrict the ball python.
You feel sick. The ball python bites you.
* * * LOW HITPOINT WARNING * * *
The ball python constricts you. The ball python bites you.
* * * LOW HITPOINT WARNING * * *
The frilled lizard bites you.
* * * LOW HITPOINT WARNING * * *
You feel yourself speed up.
You constrict the ball python.
You kill the ball python!
Sif Muna accepts your kill.
* * * LOW HITPOINT WARNING * * *
You feel sick. The ball python barely misses you.
The ball python constricts you.
The frilled lizard bites you but does no damage.
The ball python's grasp on you weakens, but your attempt to escape fails.
You die...

#≈# #≈# #≈#
###≈############
#..≈.~.~..~.~...
#.~≈~~~~B~~≈~~~~
#.~≈≈≈≈≈≈≈≈≈≈≈≈≈
#.~~~~~~~†~~~~~~
#..~~..~@Sr~~...
##~~~##~l†~~####
#~~~##~~≈~~#
#~~~##~~≈~.#
#.~~##.~≈~.#
#.~~##.~≈~.#
#~~~##.~≈~.#
#.~.##.~≈~.#
##.##


You could see a quokka, a giant cockroach, a ball python and a frilled lizard.

Vanquished Creatures
  3 adders
  3 orcs (D:3)
  2 ball pythons (Sewer)
  A giant cockroach (D:3)
  A hobgoblin (D:3)
  2 quokkas
  4 frilled lizards (D:3)
  2 kobolds (D:3)
  3 rats (D:3)
21 creatures vanquished.

Notes
Turn   | Place    | Note
-------+----------+-------------------------------------------
     0 | D:5      | Azuregosa the Octopode Delver began the quest for the Orb.
     0 | D:5      | Reached XP level 1. HP: 16/16 MP: 1/1
    49 | D:4      | Noticed an orc wizard
    50 | D:4      | Noticed an orc priest
    51 | D:4      | Noticed an orc priest
    54 | D:4      | Noticed a scorpion
   228 | D:3      | Found a runed translucent gate.
   228 | D:3      | Found a runed translucent gate.
   228 | D:3      | Found a runed translucent gate.
   228 | D:3      | Noticed Nitrous's ghost (amateur DEFE)
   231 | D:3      | Found a shimmering blue altar of Sif Muna.
   236 | D:3      | Reached skill level 7 in Stealth
   242 | D:3      | Reached XP level 2. HP: 21/21 MP: 2/2
   247 | D:3      | Became a worshipper of Sif Muna the Loreminder
   370 | D:3      | Found Zin's Purification Station.
   372 | D:3      | Found a glowing silver altar of Zin.
   490 | D:3      | Reached XP level 3. HP: 26/26 MP: 3/3
   502 | D:3      | Reached skill level 8 in Stealth
   506 | D:3      | Found a glowing drain.
   510 | Sewer    | Entered a sewer
   634 | Sewer    | HP: 1/26 [poisoned by an adder]
   635 | Sewer    | Succumbed to an adder's poison

Illustrated notes

Levels and vault maps discovered:
D:3:      layout_basic, nicolae_yredelemnul_ghost_church, zin_purify,
          mainiacjoe_overflow_concentric_impassable,
          nicolae_overflow_hidden_temple, ebering_ghost_reflecting_pool,
          mainiacjoe_sewer_entry_somewhere_in_here_2
D:4:      layout_loops_ring, minmay_temple_entry_glass, gammafunk_ghost_smash
D:5:      layout_basic, lemuel_doored_altar, serial_shops, shop
Sewer:    sewer_frog_island_01

Skill      XL: |  1  2  3 |
---------------+----------+-----
Stealth        | 7 8 |  8.1
Fighting       | |  3.3
Short Blades   | |  2.0
Dodging        | |  2.0

Action                     || total
---------------------------++-------
  Melee: Short sword       ||    15
         Constrict         ||    10
         Tentacles         ||     6
         Spear             ||    34
  Throw: Stone             ||     1
    Use: Scroll            ||     1
         Potion            ||     1
   Stab: Sleeping          ||     4
 Armour: Skin              ||    32
  Dodge: Dodged            ||    51

Table legend: (Time is in decaauts)
 A = Elapsed time spent in this place.
 B = Non-inter-level travel time spent in this place.
 C = Inter-level travel time spent in this place.
 D = Time resting spent in this place.
 E = Time spent auto-exploring this place.
 F = Levels seen in this place.
 G = Mean time per level.
                   A        B        C        D        E       F      G
               +--------+--------+--------+--------+--------+-----+--------+
         Total |    635 |    635 |      0 |    173 |    224 |   4 |  158.8 |
       Dungeon |    509 |    509 |      0 |     87 |    221 |   3 |  169.7 |
         Sewer |    125 |    125 |      0 |     86 |      3 |   1 |  125.0 |
               +--------+--------+--------+--------+--------+-----+--------+

Top non-repeatable levels by time:
     D:3: 452 daAuts
   Sewer: 125 daAuts
     D:5: 31 daAuts
     D:4: 26 daAuts
